 Dungeon Crawl Stone Soup version bcrawl-1.19.1 (webtiles) character file.

Game seed: 8851856324967350690

536 Revguard the Insei (level 7, 0/48 HPs)
             Began as a Demonspawn Transmuter on Nov 28, 2019.
             Was an Initiate of Wu Jian.
             Slain by a yak (11 damage)
             ... on level 4 of the Dungeon.
             The game lasted 00:10:34 (2908 turns).

Revguard the Insei (Demonspawn Transmuter)          Turns: 2908, Time: 00:10:34

Health: 0/48       AC:  2    Str: 12    XL:     7   Next: 4%
Magic:  9/11       EV: 21    Int: 15    God:    Wu Jian [......]
Gold:   345        SH:  0    Dex: 20    Spells: 2/12 levels left

rFire    . . .     SeeInvis .     - Unarmed
rCold    . . .     Gourm    .   (shield currently unavailable)
rNeg     . . .     Faith    .   (armour currently unavailable)
rPois    x         Spirit   .   (helmet currently unavailable)
rElec    .         Reflect  .   (cloak currently unavailable)
rCorr    .         Harm     .   (gloves currently unavailable)
MR       .....                  (boots currently unavailable)
Stlth    ++........             (no amulet)
HPRegen  0.16/turn              e - +2 ring of strength
MPRegen  0.12/turn              (no ring)

@: spider-form (expiring)
A: tiny, rot immunity
a: End Transformation, Renounce Religion


You were on level 4 of the Dungeon.
You worshipped Wu Jian.
Wu Jian was noncommittal.
You were not hungry.
You were a venomous arachnid creature.
You visited 2 branches of the dungeon, and saw 5 of its levels.

You collected 345 gold pieces.

Inventory:

Missiles
 a - 225 arrows (quivered)
Armour
 b - a +0 robe
 i - a +0 leather armour (melded)
Jewellery
 e - a +2 ring of strength (left front leg)
Wands
 g - a wand of enslavement (8)
Scrolls
 h - a scroll of identify
Potions
 c - 3 potions of flight
 j - a potion of agility
 k - a potion of lignification
 m - a potion of cancellation {unknown}
Comestibles
 f - 10 rations {!d}


   Skills:
 + Level 1.2 Fighting
 + Level 1.5 Armour
 + Level 3.0 Dodging
 + Level 4.5 Unarmed Combat
 + Level 3.0 Spellcasting
 + Level 3.2 Transmutations
 * Level 1.2 Ice Magic
 * Level 2.3 Poison Magic


You had 2 spell levels left.
You knew the following spells:

 Your Spells              Type           Power        Failure   Level  Hunger
a - Beastly Appendage     Tmut           ##....       16%         1    #......
b - Sticks to Snakes      Tmut           ##......     21%         2    ##.....
c - Spider Form           Tmut/Pois      ##.          38%         3    ###....
d - Ice Form              Ice/Tmut       #.......     80%         4    #####..

Your spell library contained the following spells:

 Spells                   Type           Power        Failure   Level  Hunger
 Blade Hands              Tmut           ##........   93%         5    ######.


Dungeon Overview and Level Annotations

Branches:
Dungeon (4/12)             Temple (1/1) D:4

Altars:
Elyvilon
Gozag
Hepliaklqana
Okawaru
Ru
Sif Muna
Vehumet
Wu Jian
Xom
Yredelemnul


Innate Abilities, Weirdness & Mutations

((You have razor-sharp toenails.))
((You are partially covered in molten scales. (AC +2)))
((You are mostly covered in sharp spines.))
You are immune to rotting.


Message History

The yak is lightly wounded.
The yak closely misses you.
You hit the yak.
The yak is moderately wounded.
The yak completely misses you.
You bite the yak!
The yak is poisoned.
The yak is heavily wounded.
An ogre comes into view. It is wielding a +0 giant club.
You hit the yak but do no damage.
The yak looks as sick as possible!
The yak is heavily wounded.
The yak gores you.
* * * LOW HITPOINT WARNING * * *
Your transformation is almost over.
An ogre comes into view. It is wielding a +0 giant club.
The ogre shouts!
The ogre completely misses you.
You hit the ogre.
The ogre is poisoned.
The ogre is lightly wounded.
The yak gores you!
You die...

.# #.....#.#.#?.#
.####<##.).#.#...#
.................####
...............YY...#
..###.##..#!..#####Y#
..###)##..##.## #.#
...>.†....##.#
####Y####
>.........##.#
#.YY....# .....Y#.###
#s##.##.# .####Y#.#
#O##.# O. .####.#.#
.....# ## ......# #
##..... ####..#
#.#### #..#.# ..#
#..... #.# ..##.# #.#
... #.#


You could see 3 yaks and an ogre.

Vanquished Creatures
  A yak (D:4)
  A black bear (D:2)
  An ogre (D:4)
  A hound (D:4)
  An orc wizard (D:2)
  An iguana (D:3)
  3 adders (D:3)
  A howler monkey skeleton (D:3)
  An ooze (D:2)
  An adder skeleton (D:3)
  3 worms (D:3)
  3 dart slugs
  4 leopard geckos
  5 orcs (D:3)
  5 giant cockroaches
  5 goblins
  5 hobgoblins
  4 jackals (D:2)
  7 kobolds
  2 quokkas
  5 bats
  6 rats
66 creatures vanquished.

Notes
Turn   | Place    | Note
-------+----------+-------------------------------------------
     0 | D:1      | Revguard the Demonspawn Transmuter began the quest for the
                  | Orb.
     0 | D:1      | Reached XP level 1. HP: 15/15 MP: 3/3
   194 | D:1      | Reached skill level 3 in Unarmed Combat
   194 | D:1      | Gained mutation: You are partially covered in molten
                  | scales. (AC +2) [demonic ancestry]
   194 | D:1      | Reached XP level 2. HP: 20/21 MP: 3/5
   324 | D:1      | Learned a level 2 spell: Sticks to Snakes
   681 | D:2      | Gained mutation: You have sharp toenails. [demonic
                  | ancestry]
   681 | D:2      | Reached XP level 3. HP: 26/26 MP: 4/6
   708 | D:2      | Learned a level 3 spell: Spider Form
  1351 | D:2      | Gained mutation: You are immune to rotting. [demonic
                  | ancestry]
  1351 | D:2      | Reached XP level 4. HP: 19/32 MP: 7/7
  1678 | D:3      | Reached skill level 1 in Poison Magic
  1930 | D:3      | Gained mutation: You are partially covered in sharp spines.
                  | [demonic ancestry]
  1930 | D:3      | Reached XP level 5. HP: 27/37 MP: 3/8
  1939 | D:3      | Noticed a black bear
  2139 | D:2      | Killed a black bear
  2139 | D:2      | Reached skill level 1 in Armour
  2139 | D:2      | Reached skill level 4 in Unarmed Combat
  2314 | D:3      | Gained mutation: You have razor-sharp toenails. [demonic
                  | ancestry]
  2314 | D:3      | Reached XP level 6. HP: 42/43 MP: 7/10
  2345 | D:3      | Learned a level 4 spell: Ice Form
  2614 | D:4      | Noticed a yak
  2614 | D:4      | Noticed a yak
  2614 | D:4      | Noticed a yak
  2614 | D:4      | Noticed a yak
  2617 | D:4      | Noticed a yak
  2631 | D:4      | Found a staircase to the Ecumenical Temple.
  2631 | D:4      | Killed a yak
  2631 | D:4      | Reached skill level 1 in Ice Magic
  2631 | D:4      | Gained mutation: You are mostly covered in sharp spines.
                  | [demonic ancestry]
  2631 | D:4      | Reached XP level 7. HP: 12/48 MP: 8/11
  2640 | Temple   | Entered the Ecumenical Temple
  2865 | Temple   | Became a worshipper of the Wu Jian Council
  2908 | D:4      | Slain by a yak

Skill      XL: |  1  2  3  4  5  6 |
---------------+-------------------+-----
Unarmed Combat | 3 4 |  4.5
Transmutations | 2 3 |  3.2
Dodging        | 2 3 |  3.0
Poison Magic   | 1 2 |  2.3
Armour         | 1 |  1.5
Spellcasting   | 3 |  3.0
Ice Magic      | 1 |  1.2
Fighting       | |  1.2

Action                   |  1- 3 |  4- 6 |  7- 9 || total
-------------------------+-------+-------+-------++-------
Melee: Unarmed           |   114 |   101 |    10 ||   225
       Headbutt          |     7 |     2 |       ||     9
       Kick              |    20 |     6 |     1 ||    27
       Punch             |     2 |     1 |       ||     3
 Cast: Beastly Appendage |    24 |    10 |       ||    34
       Spider Form       |       |     8 |     1 ||     9
Invok: Whirlwind         |       |       |     2 ||     2
  Use: Scroll            |       |     6 |       ||     6
       Potion            |       |     4 |       ||     4
  Eat: Chunk             |     2 |     5 |     1 ||     8
Armor: Robe              |    12 |       |       ||    12
       Leather armour    |    25 |    11 |     1 ||    37
       Skin              |       |     9 |       ||     9
Dodge: Dodged            |    74 |   112 |     8 ||   194
